 Dungeon Crawl Stone Soup version 0.31-a0-1458-g2f8d4710b4 (webtiles) character file.

Game seed: 7548090165008820569

252105 Conn the Scorcher (level 20, -1/133 HPs)
             Began as an Octopode Fire Elementalist on Dec 27, 2023.
             Was a Priest of Sif Muna.
             Killed from afar by a deep elf zephyrmancer (31 damage)
             ... with a bolt of lightning
             ... on level 2 of the Elven Halls on Dec 28, 2023.
             The game lasted 04:04:07 (53252 turns).

Conn the Scorcher (Octopode Fire Elementalist)     Turns: 53252, Time: 04:04:23

Health: -1/133     AC: 11    Str:  7    XL:     20   Next: 12%
Magic:  13/37      EV: 13    Int: 37    God:    Sif Muna [***...]
Gold:   1498       SH: 29    Dex: 17    Spells: 4/46 levels left

rFire   + . .        a - +8 war axe of the Everdark {elec, Dex+6}
rCold   + . .        l - +7 tower shield of the Vaults {Rampage rPois Will++ Str-2}
rNeg    + . .        (helmet restricted)
rPois   +            M - amulet of the Louse {Reflect Will+ Dex-4 SH+5 Stlth+}
rElec   .            o - ring "Pudwishig" {rPois Int+6 Dex+3 Slay+6}
rCorr   .            x - ring of wizardry
SInv    .            B - +4 ring of protection
Will    +++++        S - +4 ring of protection
Stlth   ++           X - ring of Attitude {rF+ Will+}
HPRegen 0.42/turn    W - ring "Goenicu" {rPois Int+6 Slay+5}
MPRegen 0.25/turn    L - ring of positive energy
                     V - ring of ice

%: reflection, rampage, wizardry (x1)
@: on fire, channelling, very slightly contaminated, glowing, studying 2 skills
A: almost no armour, amphibious, 8 rings, camouflage 1, gelatinous body 1,
(nimble swimmer 1), tentacles, fangs 1, iridescent scales 1, fire resistance 1
}: 1/15 runes: barnacled
a: Renounce Religion, Channel Magic, Forget Spell


You were on level 2 of the Elven Halls.
You worshipped Sif Muna.
Sif Muna was most pleased with you.
You visited 7 branches of the dungeon, and saw 31 of its levels.
You also visited: Trove, Bailey, Gauntlet and Ice Cave.

You collected 3156 gold pieces.
You spent 1658 gold pieces at shops.

Inventory:

Hand Weapons
 a - the +8 war axe of the Everdark (weapon) {elec, Dex+6}
   (You found it in a Gauntlet)

   Dex+6:     It affects your dexterity (+6).
Missiles
 r - 3 throwing nets
 N - a curare-tipped dart
Armour
 l - the +7 tower shield of the Vaults (worn) {Rampage rPois Will++ Str-2}
   (You acquired it on level 2 of the Elven Halls)

   Str-2:     It affects your strength (-2).
   rPois:     It protects you from poison Will++: It greatly increases your
   willpower.
   Rampage:   It bestows one free step when moving towards enemies.
 u - a +3 kite shield of reflection
 U - an orb of energy
Magical Staves
 b - a staff of conjuration
 T - a staff of air
Jewellery
 f - the amulet of Zajuist {Acrobat rElec Int-3 Dex+3}
   (You found it in a treasure trove)

   [amulet of the acrobat]

   Acrobat:   It increases your evasion while moving and waiting.
   Int-3:     It affects your intelligence (-3).
   Dex+3:     It affects your dexterity (+3).
   rElec:     It insulates you from electricity.
 o - the ring "Pudwishig" (left tentacle) {rPois Int+6 Dex+3 Slay+6}
   (You found it in a treasure trove)

   [ring of intelligence]

   Int+6:     It affects your intelligence (+6).
   Dex+3:     It affects your dexterity (+3).
   Slay+6:    It affects your accuracy & damage with ranged weapons and melee
   (+6).
   rPois:     It protects you from poison
 x - a ring of wizardry (right tentacle)
 B - a +4 ring of protection (on tentacle)
 L - a ring of positive energy (on tentacle)
 M - the amulet of the Louse (around mantle) {Reflect Will+ Dex-4 SH+5 Stlth+}
   (You found it in a treasure trove)

   [amulet of reflection]

   Reflect:   It reflects blocked missile attacks.
   Dex-4:     It affects your dexterity (-4).
   Will+:     It increases your willpower.
   SH+5:      It affects your SH (+5).
   Stlth+:    It makes you more stealthy.
 Q - the ring of Galuneh {Fire +Blink rElec}
   (You acquired it on level 2 of the Elven Halls)

   [ring of fire]

   Fire:      It enhances your fire magic.
   rF+:       It protects you from fire.
   rC-:       It makes you vulnerable to cold.
   rElec:     It insulates you from electricity.
   +Blink:    It lets you blink.
 S - a +4 ring of protection (on tentacle)
 V - a ring of ice (on tentacle)
 W - the ring "Goenicu" (on tentacle) {rPois Int+6 Slay+5}
   (You found it in a Gauntlet)

   [ring of intelligence]

   Int+6:     It affects your intelligence (+6).
   Slay+5:    It affects your accuracy & damage with ranged weapons and melee
   (+5).
   rPois:     It protects you from poison
 X - the ring of Attitude (on tentacle) {rF+ Will+}
   (You found it in a Gauntlet)

   [ring of willpower]

   rF+:       It protects you from fire.
   Will+:     It increases your willpower.
Talismans
 w - the serpent talisman "Yzialog" {rF++ Dex+8}
   (You found it on level 4 of the Shoals)

   [serpent talisman]

   Dex+8:     It affects your dexterity (+8).
   rF++:      It greatly protects you from fire.
Wands
 c - a wand of charming (25)
 i - a wand of light (10)
 H - a wand of roots (47)
 Y - a wand of digging (6)
 Z - a wand of flame (16)
Scrolls
 e - 3 scrolls of enchant weapon
 j - 2 scrolls of fear
 k - 12 scrolls of teleportation
 n - 5 scrolls of vulnerability
 q - 4 scrolls of noise
 v - 5 scrolls of immolation
 y - a scroll of blinking
 D - 9 scrolls of fog
 G - a scroll of torment
 I - 10 scrolls of revelation
 J - a scroll of summoning
 P - 12 scrolls of identify
Potions
 d - 4 potions of brilliance
 h - 6 potions of mutation
 m - 4 potions of lignification
 p - 3 potions of cancellation
 s - 2 potions of resistance
 t - a potion of attraction
 z - a potion of might
 A - 4 potions of haste
 C - a potion of invisibility
 E - a potion of heal wounds
 F - 4 potions of magic
 K - a potion of ambrosia
 O - 9 potions of curing
Miscellaneous
 g - a lightning rod (4/4)
 R - a phantom mirror


   Skills:
 + Level 10.3 Fighting
 - Level 6.5 Axes
 - Level 0.4 Staves
 - Level 9.0 Dodging
 - Level 6.0 Stealth
 * Level 10.7 Shields
 * Level 13.8 Spellcasting
 * Level 14.3 Conjurations
 - Level 5.0 Hexes
 - Level 8.4 Summonings
 - Level 4.3 Translocations
 + Level 15.1 Fire Magic
 * Level 1.1 Ice Magic
 - Level 9.1 Air Magic
 - Level 7.0 Alchemy
 + Level 12.7 Invocations


You had 4 spell levels left.
You knew the following spells:

 Your Spells              Type           Power      Damage    Failure   Level
a - Foxfire               Conj/Fire      100%       2x1d9     1%          1
b - Scorch                Fire           100%       2d9       1%          2
c - Inner Flame           Hex/Fire       79%        N/A       1%          3
d - Orb of Destruction    Conj           46%        9d12      26%         7
e - Ozocubu's Armour      Ice            50%        N/A       21%         3
f - Irradiate             Conj/Alch      40%        3d25      4%          5
g - Iskenderun's Mystic   Conj/Tloc      76%        2d15      2%          4
h - Starburst             Conj/Fire      47%        6d13      4%          6
i - Plasma Beam           Fire/Air       43%        2x1d57    12%         6
j - Mephitic Cloud        Conj/Alch/Air  79%        N/A       1%          3
k - Blink                 Tloc           100%       N/A       2%          2

Your spell library contained the following spells:

 Spells                   Type           Power      Damage    Failure   Level
 Apportation              Tloc           100%       N/A       1%          1
 Kiss of Death            Conj/Necr      100%       2d13      1%          1
 Magic Dart               Conj           100%       1d8       1%          1
 Sting                    Conj/Alch      100%       1d9       1%          1
 Summon Small Mammal      Summ           100%       N/A       1%          1
 Call Imp                 Summ           100%       N/A       1%          2
 Cigotuvi's Dreadful Rot  Necr/Alch/Air  100%       N/A       1%          2
 Mercury Vapours          Alch/Air       100%       N/A       1%          2
 Momentum Strike          Conj/Tloc      100%       3d10      1%          2
 Static Discharge         Conj/Air       100%       3-8/arc   1%          2
 Call Canine Familiar     Summ           73%        N/A       1%          3
 Dazzling Flash           Conj/Hex       100%       N/A       1%          3
 Hailstorm                Conj/Ice       90%        3d15      1%          3
 Volatile Blastmotes      Fire/Tloc      100%       2d18      1%          3
 Flame Wave               Conj/Fire      94%        2d20      1%          4
 Ignite Poison            Fire/Alch      82%        N/A       1%          4
 Sticky Flame             Fire/Alch      82%        2d13      1%          4
 Summon Blazeheart Golem  Fire/Summ      85%        N/A       1%          4
 Jinxbite                 Hex            100%       N/A       2%          2
 Airstrike                Air            37%        2d(6-22)  2%          4
 Summon Lightning Spire   Summ/Air       74%        N/A       2%          4
 Ensorcelled Hibernation  Hex/Ice        100%       N/A       4%          2
 Confusing Touch          Hex            58%        N/A       4%          3
 Sigil of Binding         Hex            58%        N/A       4%          3
 Tukima's Dance           Hex            58%        N/A       4%          3
 Teleport Other           Tloc           55%        N/A       6%          3
 Freeze                   Ice            100%       1d10      7%          1
 Necrotise                Necr           100%       1d9       11%         1
 Sandblast                Erth           50%        2d12      11%         1
 Dimensional Bullseye     Hex/Tloc       28%        N/A       16%         4
 Manifold Assault         Tloc           55%        N/A       17%         4
 Passage of Golubria      Tloc           55%        N/A       17%         4
 Martyr's Knell           Necr/Summ      54%        N/A       19%         4
 Frozen Ramparts          Ice            100%       1d16      21%         3
 Leda's Liquefaction      Alch/Erth      25%        N/A       26%         4
 Petrify                  Alch/Erth      51%        N/A       26%         4
 Fugue of the Fallen      Necr           25%        N/A       32%         3
 Vampiric Draining        Necr           25%        2d7       32%         3
 Anguish                  Hex/Necr       22%        N/A       34%         4
 Animate Dead             Necr           25%        N/A       69%         4
 Dispel Undead            Necr           25%        3d12      69%         4
 Fireball                 Conj/Fire      47%        3d19      1%          5
 Arcjolt                  Conj/Air       42%        1d52      2%          5
 Freezing Cloud           Conj/Ice/Air   46%        6-21      11%         5
 Conjure Ball Lightning   Conj/Air       42%        3x3d15    13%         6
 Silence                  Hex/Air        33%        N/A       16%         5
 Summon Mana Viper        Hex/Summ       66%        N/A       19%         5
 Summon Forest            Summ/Tloc      32%        N/A       21%         5
 Metabolic Englaciation   Hex/Ice        32%        N/A       61%         5
 Spellforged Servitor     Conj/Summ      41%        N/A       61%         7
 Eringya's Noxious Bog    Alch           33%        4d6       63%         6
 Ignition                 Fire           47%        3d13      78%         8
 Dispersal                Tloc           27%        N/A       93%         6
 Summon Hydra             Summ           36%        N/A       93%         7
 Borgnjor's Vile Clutch   Necr/Erth      12%        N/A       95%         5
 Curse of Agony           Necr           25%        N/A       95%         5
 Sculpt Simulacrum        Ice/Alch       35%        N/A       95%         6
 Death Channel            Necr           12%        N/A       100%        6
 Haunt                    Necr/Summ      27%        N/A       100%        7
 Ozocubu's Refrigeration  Ice            25%        4d13      100%        7
 Borgnjor's Revivificati  Necr           12%        N/A       100%        8
 Discord                  Hex            29%        N/A       100%        8
 Disjunction              Tloc           27%        N/A       100%        8
 Death's Door             Necr           12%        N/A       100%        9
 Polar Vortex             Ice            25%        12d3*     100%        9
 Animate Armour           Summ/Erth      Unusable   N/A       N/A         4

Dungeon Overview and Level Annotations

Branches:
Dungeon (15/15)            Temple (1/1) D:5            Lair (5/5) D:10
 Shoals (4/4) Lair:2        Snake (2/4) Lair:3        Slime (0/5) Lair:5
    Orc (2/2) D:11            Elf (2/3) Orc:2        Vaults (0/5) D:13
 Depths (0/4) D:15         Bailey (visited)           IceCv (visited)
Gauntlet (visited)

Altars:
Ashenzari
Cheibriados
Dithmenos
Elyvilon
Fedhas
Gozag
Hepliaklqana
Kikubaaqudgha
Makhleb
Nemelex Xobeh
Okawaru
Qazlal
Ru
Sif Muna
Trog
Uskayaw
Vehumet
Wu Jian
Xom
Yredelemnul
Zin
The Shining One
Jiyva

Shops:
D:9 ([   D:15 !   Orc:1 *   Orc:2 *(:**   Elf:2 !   Shoals:3 :

Annotations:
D:12 exclusion: 2 oklob plants
Elf:1 Luqutot's ghost, adept MiFi


Innate Abilities, Weirdness & Mutations

You cannot wear most types of armour.
You are amphibious.
You can wear up to eight rings at the same time.
Your skin changes colour to match your surroundings (Stealth+).
Your rubbery body absorbs attacks. (AC +1, EV +1)
((You are camouflaged when in or above water. (Stealth+)))
You have tentacles for arms and can constrict up to eight enemies at once.
You have very sharp teeth.
You are partially covered in iridescent scales. (AC +2)
Your flesh is heat resistant. (rF+)


Message History

Casting: Iskenderun's Mystic Blast (mildly dangerous; 2% risk of failure)
Confirm with . or Enter, or press ? or * to list all spells.
You erupt in a blast of force!
The mystic blast hits the deep elf knight.
The deep elf knight is moderately wounded.
The deep elf knight is knocked back by the mystic blast.
The liquid fire burns you!
The +0 war axe of venom is engulfed in blazing flames.
Unknown command.
Casting: Iskenderun's Mystic Blast (mildly dangerous; 2% risk of failure)
Confirm with . or Enter, or press ? or * to list all spells.
You erupt in a blast of force!
The mystic blast hits the +0 war axe of venom.
The +0 war axe of venom is severely damaged.
The +0 war axe of venom is knocked back by the mystic blast.
The liquid fire burns you!
* * * LOW HITPOINT WARNING * * *
The deep elf knight gestures wildly while chanting.
The deep elf knight flickers and vanishes!
Deactivating autopickup; reactivate with Ctrl-A.
Casting: Iskenderun's Mystic Blast (mildly dangerous; 2% risk of failure)
Confirm with . or Enter, or press ? or * to list all spells.
You feel a surge of power!
You miscast Ozocubu's Armour.
You are very lightly contaminated with residual magic.
Nothing appears to happen.
The liquid fire burns you!
* * * LOW HITPOINT WARNING * * *
The +0 war axe of venom is engulfed in blazing flames.
The deep elf zephyrmancer gestures at you while chanting.
The bolt of lightning hits you!!
* * * LOW HITPOINT WARNING * * *
The +0 war axe of venom is engulfed in blazing flames.
You feel much better. The liquid fire burns you!
* * * LOW HITPOINT WARNING * * *
The deep elf zephyrmancer gestures at you while chanting.
The bolt of lightning hits the +0 war axe of venom.
The +0 war axe of venom completely resists.
The bolt of lightning hits you!!
You die...

###### ##...........##*,,.....
.....# #.............##+,.....
.....## ##.............'.+*.....
......####..............'.##.....
..8....(.)).......○○§.))'.)#.....
......#####....)...§§.).##).ee..)
.....## ##.....§§§§e.###...§...
.....## #.....☼§....# #..)....
'#'##'## ##...@(§○..## #.......
##.###.## ###.....### ##......
##.# ##.## ####### ##..... #.#
##.## **...#. #'### ##.##
**,..### ##...## ##.## ### *,,,**
* #.....## ##.###[### **,,,***
...(...# ##'>....### **,,,*,
.......# #.........# **,,,,,


You could see a deep elf zephyrmancer and a +0 war axe of venom.

Vanquished Creatures
  Mlioglotl (Shoals:4)
  2 sphinxes (Shoals:4)
  The ghost of Numeemo the Wrestler, an adept HOSh of Beogh (Shoals:2)
  Kirke (D:14)
  A nagaraja (Snake:2)
  A fenstrider witch (Shoals:1)
  A shadow dragon (D:14)
  A fire giant (D:14)
  Louise (D:14)
  A deep elf sorcerer (Elf:2)
  A deep elf elementalist (Elf:1)
  A deep elf demonologist (Elf:2)
  A deep elf annihilator (Elf:1)
  3 minotaurs
  3 fire dragons
  3 merfolk impalers
  2 ettins
  2 merfolk javelineers
  Josephine (D:14)
  An ogre mage (D:14)
  2 peacekeepers (Elf:2)
  3 alligators (Shoals:3)
  5 hydras
  6 anacondas
  An alligator snapping turtle (Shoals:3)
  A boulder beetle (D:15)
  6 centaur warriors
  2 merfolk aquamancers
  6 two-headed ogres
  12 dancing weapons
  4 catoblepae
  3 death knights
  13 death yaks (Lair:5)
  11 satyrs
  3 orc high priests (Orc:2)
  3 tengu warriors
  A deep troll earth mage (Elf:1)
  5 naga warriors
  An occultist (D:15)
  7 naga sharpshooters (Snake:2)
  2 shock serpents
  Amaemon (D:8)
  6 deep elf knights
  2 fire crabs
  6 skysharks
  A goliath frog (Shoals:3)
  6 skeletal warriors
  A salamander mystic (Snake:2)
  11 sea snakes
  5 naga ritualists
  A lindwurm (Lair:4)
  A necromancer (D:12)
  2 deep elf archers (Elf:1)
  2 arcanists
  Pikel (D:6)
  2 phantasmal warriors
  13 deep elf zephyrmancers
  18 harpies
  21 deep elf pyromancers
  4 orc knights (Orc:2)
  9 ugly things
  13 mana vipers
  6 orc sorcerers
  Maurice (D:7)
  A moth of wrath (D:15)
  10 cyclopes
  22 manticores
  27 fauns
  9 meliai
  5 kobold blastminers
  6 salamanders
  21 black mambas
  3 elephants (Lair:2)
  7 water nymphs
  6 merfolk sirens
  A guardian serpent (Lair:3)
  5 naga magi
  4 slime creatures
  2 torpor snails
  An orange demon (D:8)
  6 cane toads
  A gargoyle (D:12)
  A smoke demon (Gauntlet)
  2 unseen horrors
  A cane toad (shapeshifter) (D:14)
  A yaktaur (D:15)
  3 rime drakes
  Jeremiah (D:7)
  9 komodo dragons
  A kobold demonologist (D:9)
  An efreet (D:13)
  A freezing wraith (D:14)
  2 tengu conjurers
  3 ice devils
  A queen bee (D:12)
  16 merfolk
  5 trolls
  3 polar bears
  A polar bear (shapeshifter) (Elf:2)
  4 wind drakes
  Prince Ribbit (D:8)
  A hornet (D:9)
  A glass eye (shapeshifter) (D:15)
  8 blink frogs
  7 dream sheep
  An air elemental (Elf:1)
  8 snapping turtles
  2 centaur simulacra
  2 fire bats (Gauntlet)
  13 water elementals
  6 wraiths
  86 yaks
  6 wyverns
  2 fire elementals (Elf:1)
  4 hogs (D:14)
  3 basilisks
  2 wargs
  9 vampire mosquitoes
  An acid dragon (D:11)
  12 nagas
  16 water moccasins
  17 orc warriors
  An ice beast (D:7)
  6 ogres
  A sky beast (D:8)
  A black bear (D:5)
  18 centaurs
  2 lemures (D:7)
  7 wolves (Lair:2)
  4 kobold brigands
  3 earth elementals
  11 bullfrogs
  5 two-headed ogre simulacra (IceCv)
  5 scorpions
  2 gnoll sergeants (D:11)
  6 wights
  36 killer bees (D:12)
  3 electric eels (D:14)
  2 howler monkeys
  4 crimson imps (Gauntlet)
  5 jellies
  3 bombardier beetles
  3 hounds
  2 gnoll boudas
  17 orc priests
  A sleepcap (D:7)
  2 iguanas
  Natasha (thrice) (D:4)
  30 orc wizards
  2 spriggan simulacra (IceCv)
  2 troll simulacra (IceCv)
  A polar bear simulacrum (IceCv)
  A wolf simulacrum (IceCv)
  A mummy (D:6)
  18 gnolls
  8 adders
  5 naga simulacra (IceCv)
  6 white imps
  5 ufetubi
  3 worms
  2 dart slugs (D:4)
  66 orcs
  4 endoplasms
  2 giant cockroaches
  6 goblins
  8 hobgoblins
  10 jackals
  2 quokkas
  9 ball pythons
  10 bats
  4 frilled lizards
  26 kobolds
  11 rats
  2 foxfires (Elf:2)
1057 creatures vanquished.

Vanquished Creatures (collateral kills)
  An orc warlord (Bailey)
  A boulder beetle (Lair:4)
  A deep troll earth mage (D:12)
  A skeletal warrior (D:11)
  A meliai (D:12)
  A gargoyle (D:11)
  A vampire (D:12)
  A death yak simulacrum (IceCv)
  An orc warrior (D:11)
  An orc wizard (D:11)
  A spriggan simulacrum (IceCv)
  A troll simulacrum (IceCv)
  A gnoll (D:11)
  2 white imps (IceCv)
  2 ufetubi (IceCv)
  5 foxfires
22 creatures vanquished.

Vanquished Creatures (others)
  A sea snake (Shoals:4)
  A water elemental (Elf:1)
  2 air elementals (Elf:1)
  2 blazeheart cores
  1915 foxfires
1921 creatures vanquished.

Grand Total: 3000 creatures vanquished

Notes
Turn   | Place    | Note
-------+----------+-------------------------------------------
     0 | D:1      | Conn the Octopode Fire Elementalist began the quest for the
                  | Orb.
     0 | D:1      | Reached XP level 1. HP: 11/11 MP: 3/3
   148 | D:1      | Reached XP level 2. HP: 17/17 MP: 3/5
   660 | D:1      | Reached XP level 3. HP: 21/21 MP: 3/6
  1459 | D:2      | Reached XP level 4. HP: 21/27 MP: 1/8
  1783 | D:3      | Identified the +0 robe of the Eternal Fruit {Str+3 Dex-4}
  2080 | D:3      | Reached XP level 5. HP: 25/31 MP: 3/9
  2304 | D:4      | Learned a level 2 spell: Scorch
  2308 | D:4      | Learned a level 3 spell: Inner Flame
  2313 | D:4      | Learned a level 4 spell: Flame Wave
  2390 | D:3      | Reached XP level 6. HP: 36/36 MP: 3/11
  2865 | D:2      | Learned a level 1 spell: Summon Small Mammal
  3237 | D:3      | Reached skill level 1 in Hexes
  3429 | D:4      | HP: 1/36 [orc/+0 flail (7)]
  3788 | D:4      | Noticed Natasha
  3788 | D:4      | Noticed a water moccasin
  3789 | D:4      | You fall into a shaft and drop 2 floors!
  3795 | D:5      | Entered Level 5 of the Dungeon
  3804 | D:5      | Reached XP level 7. HP: 41/41 MP: 6/12
  3982 | D:5      | Reached skill level 1 in Summonings
  4255 | D:4      | Killed Natasha
  4256 | D:4      | Reached skill level 4 in Fire Magic
  4492 | D:4      | Noticed Natasha
  4499 | D:4      | Killed Natasha
  4500 | D:4      | Noticed Natasha
  4503 | D:4      | Killed Natasha
  4609 | D:5      | Reached skill level 5 in Stealth
  4742 | D:5      | Reached XP level 8. HP: 46/46 MP: 8/14
  5013 | D:5      | Found a sparkling altar of Nemelex Xobeh.
  5014 | D:5      | Found an opulent altar of Gozag.
  5054 | D:5      | Found a staircase to the Ecumenical Temple.
  5077 | Temple   | Entered the Ecumenical Temple
  5084 | Temple   | Became a worshipper of Sif Muna the Loreminder
  5565 | D:6      | Found a snail-covered altar of Cheibriados.
  5869 | D:5      | Learned a level 5 spell: Irradiate
  5877 | D:6      | Reached skill level 1 in Invocations
  6307 | D:7      | Noticed Pikel
  6330 | D:6      | Killed Pikel
  6331 | D:6      | Reached skill level 5 in Spellcasting
  6331 | D:6      | Reached skill level 5 in Conjurations
  6331 | D:6      | Reached XP level 9. HP: 31/51 MP: 0/16
  6622 | D:7      | Found a faded altar of an unknown god.
  6622 | D:7      | Found a radiant altar of Vehumet.
  6628 | D:7      | Found a glowing silver altar of Zin.
  6630 | D:7      | Found a shadowy altar of Dithmenos.
  6632 | D:7      | Found a faded altar of an unknown god.
  6975 | D:7      | Noticed Jeremiah
  6978 | D:7      | Noticed Maurice
  6980 | D:7      | Killed Jeremiah
  6980 | D:7      | Reached * piety under Sif Muna
  6989 | D:7      | Something stole a +0 short sword
  7007 | D:7      | Killed Maurice
  7008 | D:7      | Reached skill level 5 in Fire Magic
  7537 | D:8      | Noticed Prince Ribbit
  7543 | D:8      | Killed Prince Ribbit
  7544 | D:8      | Reached skill level 5 in Hexes
  7621 | D:8      | Reached XP level 10. HP: 50/56 MP: 10/19
  7824 | D:8      | Noticed a two-headed ogre
  7851 | D:8      | Noticed Amaemon
  7853 | D:8      | Noticed an orange demon
  8009 | D:8      | Reached skill level 5 in Dodging
  8331 | D:8      | Killed a two-headed ogre
  8425 | D:8      | Killed an orange demon
  8548 | D:9      | Reached ** piety under Sif Muna
  8784 | D:9      | Reached skill level 5 in Alchemy
  8862 | D:9      | Found a runed translucent door.
  9276 | D:9      | Found a blossoming altar of Fedhas.
  9287 | D:9      | Found a basalt altar of Yredelemnul.
  9287 | D:9      | Found an ancient bone altar of Kikubaaqudgha.
  9308 | D:9      | Found Iseloq's Armour Emporium.
  9312 | D:9      | Found Ziopn's Weapon Boutique.
  9410 | D:9      | Found a broken altar of Ashenzari.
  9700 | D:9      | Found a runed translucent door.
  9870 | D:9      | Noticed a tengu warrior
  9881 | D:9      | Killed a tengu warrior
  9882 | D:9      | Reached skill level 6 in Fire Magic
  9882 | D:9      | Reached XP level 11. HP: 31/61 MP: 1/21
 10044 | D:9      | Noticed a green ugly thing
 10045 | D:9      | Noticed an arcanist
 10096 | D:9      | Killed a green ugly thing
 10170 | D:9      | Killed an arcanist
 10363 | D:9      | Reached *** piety under Sif Muna
 10983 | D:8      | Killed Amaemon
 11186 | D:8      | Reached skill level 5 in Summonings
 11531 | D:10     | Entered Level 10 of the Dungeon
 11779 | D:10     | Found a staircase to the Lair.
 12052 | D:10     | Reached skill level 5 in Invocations
 12077 | D:10     | Found a flagged portal.
 12095 | Bailey   | Entered a bailey
 12142 | Bailey   | Noticed an orc warlord
 12309 | Bailey   | Reached **** piety under Sif Muna
 12482 | Bailey   | Found a runed translucent gate.
 12484 | Bailey   | Found a runed translucent gate.
 12486 | Bailey   | Found a runed translucent gate.
 12634 | Bailey   | Learned a level 4 spell: Summon Lightning Spire
 12653 | Bailey   | Killed an orc warlord
 12856 | Bailey   | Reached skill level 8 in Fire Magic
 12856 | Bailey   | Reached skill level 5 in Air Magic
 12856 | Bailey   | Reached XP level 12. HP: 67/67 MP: 24/24
 12862 | Bailey   | Learned a level 4 spell: Airstrike
 13505 | D:11     | Reached skill level 9 in Fire Magic
 13510 | D:11     | Reached skill level 1 in Fighting
 13515 | D:11     | Noticed a two-headed ogre
 13544 | D:11     | Killed a two-headed ogre
 13545 | D:11     | Reached XP level 13. HP: 72/73 MP: 0/25
 13707 | D:11     | Found a staircase to the Orcish Mines.
 14567 | D:12     | Gained mutation: Your flesh is heat resistant. (rF+)
                  | [potion of mutation]
 15049 | D:12     | Found a frozen archway.
 15058 | IceCv    | Entered an ice cave
 15281 | IceCv    | Reached ***** piety under Sif Muna
 15742 | IceCv    | Received a gift from Sif Muna
 16882 | D:12     | Paralysed by an orc sorcerer for 3 turns
 17813 | D:12     | Reached skill level 10 in Fire Magic
 18073 | D:12     | Received a gift from Sif Muna
 18083 | D:12     | Learned a level 4 spell: Summon Blazeheart Golem
 18802 | D:12     | Reached XP level 14. HP: 84/84 MP: 19/27
 19423 | D:11     | Reached skill level 1 in Shields
 19423 | D:11     | Reached skill level 10 in Conjurations
 19775 | Lair:1   | Entered Level 1 of the Lair of Beasts
 19837 | Lair:1   | Found a gate leading to a gauntlet.
 19845 | Gauntlet | Entered a Gauntlet
 19845 | Gauntlet | Found a transporter.
 19845 | Gauntlet | Found a transporter.
 19863 | Gauntlet | Found a transporter.
 19876 | Gauntlet | Found a transporter.
 19876 | Gauntlet | Found a transporter.
 19876 | Gauntlet | Found a transporter.
 19878 | Gauntlet | Found a transporter.
 19878 | Gauntlet | Found a transporter.
 19893 | Gauntlet | Found a transporter.
 19904 | Gauntlet | Found a transporter.
 19910 | Gauntlet | Noticed a cacodemon
 19917 | Gauntlet | Found a transporter.
 19934 | Gauntlet | Found a transporter.
 19951 | Gauntlet | Found a transporter.
 19963 | Gauntlet | Found a transporter.
 20035 | Gauntlet | Identified the ring "Goenicu" {rPois Int+6 Slay+5}
 20102 | Gauntlet | Identified the ring of Attitude {rF+ Will+}
 20189 | Gauntlet | Learned a level 3 spell: Mephitic Cloud
 20259 | Gauntlet | Identified the staff "Raoseifo" {rPois rF+ Fire}
 20259 | Gauntlet | Identified the +8 plate armour "Tiehuss" {Harm}
 20259 | Gauntlet | Identified the +8 war axe of the Everdark {elec, Dex+6}
 20259 | Gauntlet | Identified the +3 plate armour of Grot {Dex+3}
 20996 | Lair:1   | Received a gift from Sif Muna
 20999 | Lair:1   | Got Sif Muna's Compilation of Shifting {god gift}
 22219 | Lair:2   | Reached skill level 11 in Fire Magic
 22486 | Lair:2   | Reached skill level 10 in Spellcasting
 22772 | Lair:2   | Found a staircase to the Shoals.
 23480 | Lair:3   | Identified the +2 leather armour of Gecez {^Drain rN+ Int+3
                  | Dex+2}
 23795 | Lair:3   | Received a gift from Sif Muna
 23801 | Lair:3   | Got Sere Hed's Papyrus of the Dragon {god gift}
 23809 | Lair:3   | Learned a level 5 spell: Fireball
 23815 | Lair:3   | Learned a level 4 spell: Iskenderun's Mystic Blast
 24046 | Lair:3   | Found a staircase to the Snake Pit.
 24602 | Lair:4   | Reached skill level 5 in Fighting
 24897 | Lair:4   | Reached XP level 15. HP: 92/92 MP: 18/29
 25916 | Lair:5   | Entered Level 5 of the Lair of Beasts
 26550 | Lair:5   | Found a viscous altar of Jiyva.
 26555 | Lair:5   | Found a staircase to the Slime Pits.
 27410 | Lair:5   | Reached skill level 5 in Shields
 28333 | Lair:5   | Received a gift from Sif Muna
 29344 | Orc:1    | Entered Level 1 of the Orcish Mines
 29455 | Orc:2    | Entered Level 2 of the Orcish Mines
 30135 | Orc:2    | Found a staircase to the Elven Halls.
 30351 | Orc:2    | Reached skill level 12 in Fire Magic
 30481 | Orc:2    | Found Polac's Assorted Antiques.
 31014 | Orc:2    | Received a gift from Sif Muna
 31187 | Orc:2    | Found Todugeu's General Store.
 31192 | Orc:2    | Found Ilucar Kopn's Assorted Antiques.
 31195 | Orc:2    | Bought a potion of lignification for 48 gold pieces
 31197 | Orc:2    | Found Feck's Book Shop.
 31199 | Orc:2    | Found Obresmoh's Weapon Shoppe.
 31205 | Orc:2    | Bought a book of Minor Magic for 272 gold pieces
 31208 | Orc:2    | Learned a level 2 spell: Blink
 31416 | Orc:1    | Found Joutroom's Mass Market.
 31590 | Orc:1    | Reached XP level 16. HP: 99/99 MP: 21/31
 32297 | D:13     | Reached skill level 1 in Translocations
 32513 | D:13     | Learned a level 3 spell: Hailstorm
 32666 | D:13     | Found an iron altar of Okawaru.
 32951 | D:13     | Found a gate to the Vaults.
 33097 | D:14     | Noticed Kirke
 33107 | D:14     | Killed Kirke
 33416 | D:14     | Noticed Louise
 33429 | D:14     | Killed Louise
 33433 | D:14     | Noticed a shadow dragon
 33988 | D:14     | Found a portal to a secret trove of treasure.
 34018 | D:14     | Received a gift from Sif Muna
 34019 | D:14     | Got Sif Muna's Enchiridion on Hexing {god gift}
 34039 | Trove    | Entered a treasure trove
 34095 | Trove    | Reached skill level 13 in Fire Magic
 34095 | Trove    | Reached XP level 17. HP: 106/106 MP: 16/32
 34101 | Trove    | Identified the amulet of Zajuist {Acrobat rElec Int-3
                  | Dex+3}
 34102 | Trove    | Identified the amulet of the Louse {Reflect Will+ Dex-4
                  | SH+5 Stlth+}
 34104 | Trove    | Identified the ring "Pudwishig" {rPois Int+6 Dex+3 Slay+6}
 34133 | Trove    | Got the Book of Frigid Iniquitous Ceremonies
 35259 | D:14     | Noticed Josephine
 35270 | D:14     | Killed Josephine
 35719 | D:15     | Entered Level 15 of the Dungeon
 36355 | D:15     | Found a bloodstained altar of Trog.
 36700 | D:15     | Found Ulov Gukh's Distillery.
 36967 | D:15     | Bought a potion of heal wounds for 60 gold pieces
 36967 | D:15     | Bought 2 potions of curing for 72 gold pieces
 36967 | D:15     | Bought a potion of lignification for 36 gold pieces
 36967 | D:15     | Bought a potion of cancellation for 96 gold pieces
 37009 | D:15     | Found a glowing golden altar of the Shining One.
 37105 | D:15     | Found a staircase to the Depths.
 37301 | D:15     | Upgraded the game from 0.31-a0-1439-g542172135e to
                  | 0.31-a0-1458-g2f8d4710b4
 37532 | Snake:1  | Entered Level 1 of the Snake Pit
 37585 | Lair:3   | Learned a level 7 spell: Orb of Destruction
 37941 | Snake:1  | Reached skill level 14 in Fire Magic
 38513 | Snake:1  | Reached XP level 18. HP: 114/114 MP: 29/33
 39983 | Snake:2  | HP: 5/114 [black mamba[a naga ritualist] (16)]
 40237 | Snake:2  | Reached skill level 10 in Invocations
 40629 | Snake:2  | HP: 4/114 [nagaraja/bolt of poison (10)]
 41075 | Snake:2  | Reached skill level 1 in Axes
 41856 | Shoals:1 | Entered Level 1 of the Shoals
 43289 | Shoals:1 | Identified the maw talisman "Varchum" {+Blink Str+4 Int-2
                  | Dex+4}
 43357 | Shoals:1 | Paralysed by a fenstrider witch for 3 turns
 43885 | Shoals:1 | Learned a level 3 spell: Ozocubu's Armour
 44265 | Shoals:2 | Found a runed translucent door.
 44266 | Shoals:2 | Noticed Numeemo's ghost (adept HOSh)
 45785 | Shoals:2 | Killed Numeemo's ghost
 46134 | Shoals:3 | Reached XP level 19. HP: 104/122 MP: 27/35
 47014 | Shoals:3 | Found Verucsa's Book Emporium.
 47380 | Shoals:3 | Reached skill level 5 in Axes
 47742 | Shoals:4 | Entered Level 4 of the Shoals
 48020 | Shoals:4 | Identified the serpent talisman "Yzialog" {rF++ Dex+8}
 48616 | Shoals:4 | Noticed Mlioglotl
 48629 | Shoals:4 | Killed Mlioglotl
 48633 | Shoals:4 | Gained mutation: You expend magic power (3 MP) to
                  | strengthen your wands. [mutagenic glow]
 49218 | Shoals:4 | Paralysed by a sphinx for 3 turns
 49507 | Shoals:4 | Got a barnacled rune of Zot
 49541 | Shoals:4 | Identified the amulet of Xeerchec {Faith -Cast Will+++
                  | Int-4 Stlth+}
 49543 | Shoals:4 | Identified the +8 plate armour of the Sun {Regen+ rCorr
                  | Int-5}
 49787 | Shoals:3 | Bought a book of the Warp for 714 gold pieces
 49795 | Shoals:3 | Learned a level 6 spell: Plasma Beam
 49804 | Shoals:3 | Learned a level 6 spell: Starburst
 50224 | Elf:1    | Entered Level 1 of the Elven Halls
 50345 | Elf:1    | Reached skill level 10 in Shields
 50360 | Elf:1    | Lost mutation: Your flesh is heat resistant. (rF+) [potion
                  | of mutation]
 50360 | Elf:1    | Lost mutation: You expend magic power (3 MP) to strengthen
                  | your wands. [potion of mutation]
 50360 | Elf:1    | Gained mutation: You are clumsy. (Dex -2) [potion of
                  | mutation]
 50360 | Elf:1    | Gained mutation: Your spells are a little easier to cast,
                  | but a little less powerful. [potion of mutation]
 50361 | Elf:1    | Lost mutation: Your spells are a little easier to cast, but
                  | a little less powerful. [potion of mutation]
 50361 | Elf:1    | Lost mutation: You are clumsy. (Dex -2) [potion of
                  | mutation]
 50361 | Elf:1    | Gained mutation: You are partially covered in iridescent
                  | scales. (AC +2) [potion of mutation]
 50361 | Elf:1    | Gained mutation: Your flesh is heat resistant. (rF+)
                  | [potion of mutation]
 50361 | Elf:1    | Gained mutation: You have very sharp teeth. [potion of
                  | mutation]
 50586 | Elf:1    | Noticed Luqutot's ghost (adept MiFi)
 50637 | Elf:1    | Found a transporter.
 50642 | Elf:1    | Found a transporter.
 50655 | Elf:1    | Reached skill level 10 in Fighting
 51928 | Elf:1    | Got the Compendium of Breath
 51946 | Elf:1    | Got the Parchment of Orogeny
 52342 | Elf:2    | Found Bewn's Distillery.
 52354 | Elf:2    | Reached skill level 15 in Fire Magic
 52378 | Elf:2    | Found a crumbling gateway.
 52395 | Elf:2    | Identified 3 scrolls of acquirement
 52395 | Elf:2    | Acquired the ring of Galuneh {Fire +Blink rElec}
 52396 | Elf:2    | Acquired the +7 tower shield of the Vaults {Rampage rPois
                  | Will++ Str-2}
 52397 | Elf:2    | Acquired a staff of conjuration
 52711 | Elf:2    | Bought 2 potions of heal wounds for 150 gold pieces
 52711 | Elf:2    | Bought a potion of curing for 45 gold pieces
 52711 | Elf:2    | Bought a potion of magic for 120 gold pieces
 52711 | Elf:2    | Bought a potion of lignification for 45 gold pieces
 52836 | Elf:2    | Reached XP level 20. HP: 84/132 MP: 1/37
 53033 | Elf:2    | Found a runed translucent gate.
 53033 | Elf:2    | Found a runed translucent gate.
 53033 | Elf:2    | Found a runed translucent gate.
 53231 | Elf:2    | Reached skill level 1 in Ice Magic
 53252 | Elf:2    | Killed from afar by a deep elf zephyrmancer

Illustrated notes

Levels and vault maps discovered:
D:1:      psy_arrival_statuary, layout_basic
D:2:      layout_basic, minmay_circle_x
D:3:      layout_rooms, kennysheep_doodads, small_statue_intersection,
          saegor_snake_ambush
D:4:      layout_rooms, uniq_natasha
D:5:      layout_gridville, grunt_temple_overflow_opulence, temple_fountains
D:6:      layout_basic, slow_altar_1
D:7:      layout_cave_pools, chequers_temple_overflow_minitemple, uniq_jeremiah,
          uniq_maurice, uniq_pikel
D:8:      layout_layer_cave, uniq_prince_ribbit1, uniq_amaemon
D:9:      cheibrodos_histonic, layout_rooms,
          gammafunk_temple_overflow_forgotten, nicolae_ashenzari_panopticon,
          palyth_stone_intersect, nicolae_wooded_promenade
D:10:     layout_stronghold, david_lair_shrubbed, enter_bailey_2,
          kennysheep_dice
D:11:     layout_irregular_city, erik_orc_3
D:12:     hangedman_what_comes_after_a, layout_stronghold,
          portal_ice_cave_demonic_guard
D:13:     layout_basic, david_vaults_4, kennysheep_okawaru_gauntlet
D:14:     minmay_containers, layout_basic, enter_trove_1, chequers_avenue,
          serial_bayou_lake_a, uniq_louise, uniq_kirke, uniq_josephine
D:15:     hangedman_depths_entry_try_elsewhere_first, layout_small_grid,
          serial_shops, shop, nicolae_tso_carved_into_rock, tgw_trog
Temple:   nicolae_temple_no_exploring_needed
Lair:1:   layout_regular_city, gauntlet_entry_generic
Lair:2:   layout_gridlike, minmay_shoals_entry_centaurs
Lair:3:   layout_cave_pods, minmay_snake_entry_six_corridors, grunt_megastairs_2
Lair:4:   layout_gridlike
Lair:5:   evilmike_catoblepas_cave, layout_regular_city, slime_entry_1
Shoals:1: layout_shoals, nicolae_shoals_beach_house_on_fowls_legs
Shoals:2: layout_shoals, ebering_ghost_reflecting_pool, nicolae_tricolors
Shoals:3: layout_shoals, serial_shops, shop_fountains,
          nicolae_shoals_goliath_grotto
Shoals:4: shoals_end_hellmonk_lost_city, serial_shops, uniq_mlioglotl
Snake:1:  layout_layer_cave, grunt_megastairs_1
Snake:2:  layout_rooms, nicolae_snake_coiling_death, grunt_megastairs_4,
          lemuel_fruit_tree
Orc:1:    layout_diamond_mine, minmay_shop_mass, blackcustard_mines_bat_river
Orc:2:    st_orc_elflike, layout_caves, basic_altar, serial_shops,
          nicolae_square_shop
Elf:1:    minmay_elf_arrival_summoners, layout_onion_city,
          gammafunk_ghost_arena, nicolae_elf_elemental_lessons
Elf:2:    elven_hall_of_blades_hangedman_original [nicolae_blade_bullseye],
          layout_geoelf_grid, portal_desolation_entry_twin_temple, serial_shops,
          nicolae_shop_industrial_runoff, drop_trap, st_stairs_6,
          serial_sigils_hangedman_quiver

Skill      XL: |  1  2  3  4  5  6  7  8  9 10 11 12 13 14 15 16 17 18 19 20 |
---------------+-------------------------------------------------------------+-----
Stealth        | 3 4 5 6 |  6.0
Conjurations   | 2 3 4 5 6 7 8 9 10 11 12 13 14 | 14.3
Spellcasting   | 3 4 5 6 7 8 9 10 11 12 13 | 13.8
Dodging        | 3 4 5 6 7 8 9 |  9.0
Hexes          | 1 2 4 5 |  5.0
Summonings     | 1 2 3 4 5 6 7 8 |  8.4
Fire Magic     | 4 5 6 8 9 10 11 12 13 14 15 | 15.1
Invocations    | 1 2 4 5 6 7 8 9 11 12 | 12.7
Alchemy        | 2 3 5 7 |  7.0
Air Magic      | 5 6 7 8 9 |  9.1
Fighting       | 1 3 5 6 7 8 10 | 10.3
Shields        | 4 6 8 10 | 10.7
Translocations | 2 4 |  4.3
Axes           | 4 6 |  6.5
Ice Magic      | 1 |  1.1
Staves         | |  0.4

Action                     |  1- 3 |  4- 6 |  7- 9 | 10-12 | 13-15 | 16-18 | 19-21 || total
---------------------------+-------+-------+-------+-------+-------+-------+-------++-------
  Melee: Unarmed           |     3 |       |       |       |       |       |       ||     3
         Tentacles         |     7 |    17 |     7 |     1 |    33 |    37 |    30 ||   132
         Constrict         |     6 |    14 |    10 |     4 |    18 |    18 |    18 ||    88
         Short sword       |    24 |    49 |    38 |       |       |       |       ||   111
         Punch             |     1 |     1 |     2 |       |     3 |     2 |     2 ||    11
         Dagger            |       |       |     4 |     3 |       |       |       ||     7
         Falchion          |       |       |     1 |       |       |       |       ||     1
         Executioner's axe |       |       |       |     1 |       |       |       ||     1
         Staff             |       |       |       |     2 |    89 |    34 |     4 ||   129
         War axe           |       |       |       |       |       |    71 |    87 ||   158
         Bite              |       |       |       |       |       |       |    14 ||    14
   Cast: Foxfire           |    56 |    56 |    74 |   241 |   525 |   144 |    41 ||  1137
         Scorch            |       |    20 |    43 |    67 |   225 |    79 |    23 ||   457
         Inner Flame       |       |       |     6 |    45 |    94 |    22 |     6 ||   173
         Flame Wave        |       |       |     7 |    10 |    81 |    19 |       ||   117
         Summon Small Mamm |       |       |     2 |     6 |     9 |       |       ||    17
         Irradiate         |       |       |       |     3 |    16 |    23 |     6 ||    48
         Summon Lightning  |       |       |       |     3 |    21 |       |       ||    24
         Airstrike         |       |       |       |       |    20 |       |       ||    20
         Summon Blazeheart |       |       |       |       |    10 |     9 |       ||    19
         Mephitic Cloud    |       |       |       |       |    40 |    24 |    13 ||    77
         Fireball          |       |       |       |       |    49 |   166 |   101 ||   316
         Iskenderun's Myst |       |       |       |       |    27 |    31 |    33 ||    91
         Hailstorm         |       |       |       |       |       |    30 |     3 ||    33
         Orb of Destructio |       |       |       |       |       |    57 |    11 ||    68
         Blink             |       |       |       |       |       |     2 |     2 ||     4
         Ozocubu's Armour  |       |       |       |       |       |     1 |     8 ||     9
         Plasma Beam       |       |       |       |       |       |       |    45 ||    45
         Starburst         |       |       |       |       |       |       |     2 ||     2
 Invoke: Channel Magic     |       |       |       |     1 |     9 |     4 |     8 ||    22
         Forget Spell      |       |       |       |       |       |       |     3 ||     3
Ability: Begin Untransform |       |       |       |       |       |       |     1 ||     1
  Evoke: Wand              |       |       |     1 |     4 |     7 |     2 |       ||    14
    Use: Potion            |       |     3 |     3 |     2 |    15 |    13 |    13 ||    49
         Scroll            |       |       |    10 |     5 |    20 |    10 |     4 ||    49
   Stab: Sleeping          |     4 |     4 |     6 |       |     3 |     1 |     1 ||    19
         Distracted        |       |     1 |     1 |       |       |     1 |       ||     3
         Confused          |       |       |       |       |     2 |     4 |     2 ||     8
 Armour: Skin              |    15 |    55 |    43 |    61 |   242 |   204 |   106 ||   726
  Dodge: Dodged            |    25 |    44 |    55 |    70 |   238 |   152 |    77 ||   661
  Block: Kite shield       |       |       |       |       |     8 |   274 |   116 ||   398
         Reflection        |       |       |       |       |       |    73 |    31 ||   104
         Tower shield      |       |       |       |       |       |       |    19 ||    19
   Form: Serpent           |       |       |       |       |       |       |     1 ||     1

Table legend: (Time is in decaauts)
 A = Elapsed time spent in this place.
 B = Non-inter-level travel time spent in this place.
 C = Inter-level travel time spent in this place.
 D = Time resting spent in this place.
 E = Time spent auto-exploring this place.
 F = Levels seen in this place.
 G = Mean time per level.
                   A        B        C        D        E       F      G
               +--------+--------+--------+--------+--------+-----+--------+
         Total |  53309 |  51590 |   1719 |   8564 |  30448 |  35 | 1523.1 |
       Dungeon |  22943 |  22093 |    850 |   2037 |  15245 |  15 | 1529.5 |
        Temple |     14 |     14 |      0 |      0 |      0 |   1 |   14.0 |
          Lair |   9842 |   9377 |    465 |   1736 |   5506 |   5 | 1968.4 |
        Shoals |   8203 |   8047 |    156 |   1592 |   4806 |   4 | 2050.8 |
     Snake Pit |   3776 |   3654 |    122 |   1326 |   1533 |   2 | 1888.0 |
  Orcish Mines |   2988 |   2909 |     79 |    736 |   1293 |   2 | 1494.0 |
   Elven Halls |   2784 |   2740 |     44 |    312 |   1463 |   2 | 1392.0 |
         Trove |    233 |    233 |      0 |     31 |      0 |   1 |  233.0 |
        Bailey |    846 |    846 |      0 |    119 |    342 |   1 |  846.0 |
      Ice Cave |   1285 |   1285 |      0 |    674 |    142 |   1 | 1285.0 |
      Gauntlet |    388 |    388 |      0 |      0 |    118 |   1 |  388.0 |
               +--------+--------+--------+--------+--------+-----+--------+

Top non-repeatable levels by time:
    D:14: 2681 daAuts
  Lair:5: 2619 daAuts
    D:12: 2573 daAuts
Shoals:1: 2473 daAuts
Shoals:3: 2425 daAuts
 Snake:1: 2382 daAuts
     D:9: 2342 daAuts
  Lair:3: 2233 daAuts
    D:11: 2140 daAuts
Shoals:2: 1818 daAuts
  Lair:2: 1738 daAuts
   Orc:2: 1731 daAuts
  Lair:4: 1640 daAuts
  Lair:1: 1611 daAuts
   Elf:1: 1550 daAuts
